 Dungeon Crawl Stone Soup version 0.24.0-37-gcf1ca852f1 (webtiles) character file.

Game seed: 1666664940471173210, levelgen mode: deterministic

5 Descartes the Grasshopper (level 1, -1/9 HPs)
             Began as a Felid Warper on Nov 27, 2019.
             Slain by a goblin
             ... wielding a +0 dagger
              (4 damage)
             ... on level 1 of the Dungeon.
             The game lasted 00:00:50 (107 turns).

Descartes the Grasshopper (Felid Warper)             Turns: 107, Time: 00:00:51

Health: -1/9       AC:  1    Str:  7    XL:     1   Next: 66%
Magic:  4/4        EV: 18    Int: 17    God:
Gold:   0          SH:  0    Dex: 15    Spells: 4/4 levels left
                                        Lives:  0   Deaths: 0

rFire    . . .     SeeInvis +     - Unarmed
rCold    . . .     Gourm    .   (shield unavailable)
rNeg     . . .     Faith    .   (armour unavailable)
rPois    .         Spirit   .   (helmet unavailable)
rElec    .         Reflect  .   (cloak unavailable)
rCorr    .         Harm     .   (gloves unavailable)
MR       .....                  (boots unavailable)
Stlth    ++........             (no amulet)
HPRegen  0.03/turn              a - +3 ring of intelligence
MPRegen  0.09/turn              (no ring)

@: quick
A: very small, no armour, no weapons or thrown items, stealth, claws 1, fangs 3,
see invisible, carnivore, speed 1, shaggy fur 1, slow metabolism 1, sharp paws
a: no special abilities


You were on level 1 of the Dungeon.
You were not hungry.

You visited 1 branch of the dungeon, and saw 1 of its levels.

Inventory:

Jewellery
 a - a +3 ring of intelligence (left paw)
Scrolls
 b - a scroll of blinking
 d - a scroll of identify {unknown}
Comestibles
 c - 2 rations


   Skills:
 + Level 2.1 Fighting
 + Level 3.3 Dodging
 + Level 0.4 Stealth
 * Level 2.1 Unarmed Combat
 + Level 2.0 Spellcasting
   Level 4.4 Translocations


You had 4 spell levels left.
You didn't know any spells.
Your spell library contained the following spells:

 Spells                   Type           Power        Failure   Level  Hunger
 Blink                    Tloc           N/A          4%          2    ###....
 Gell's Gravitas          Tloc           ###.......   10%         3    ###....
 Lesser Beckoning         Tloc           ###.......   10%         3    ###....
 Teleport Other           Tloc           ###.....     10%         3    ###....
 Shroud of Golubria       Chrm/Tloc      #.....       12%         2    ###....
 Passage of Golubria      Tloc           N/A          30%         4    #####..


Dungeon Overview and Level Annotations

Branches:
Dungeon (1/15)

Altars:


Innate Abilities, Weirdness & Mutations

You cannot wear armour.
You are incapable of wielding weapons or throwing items.
Your paws allow you to move quietly. (Stealth)
You have sharp claws.
You have razor-sharp teeth.
You have supernaturally acute eyesight. (SInv)
You are carnivorous and can eat meat at any time.
You cover ground quickly.
You are covered in fur. (AC +1)
You have a slow metabolism.
Your sharp claws are effective at attacking unaware monsters.


Message History

The giant cockroach misses you.
You scratch the giant cockroach.
You kill the giant cockroach!
You scratch the goblin.
The goblin is moderately wounded.
The goblin barely misses you.
You closely miss the goblin.
The goblin is moderately wounded.
The goblin barely misses you.
You completely miss the goblin.
The goblin is moderately wounded.
The goblin barely misses you.
You closely miss the goblin.
The goblin is moderately wounded.
The goblin completely misses you.
You barely miss the goblin.
The goblin is moderately wounded.
The goblin misses you.
You closely miss the goblin. The goblin hits you with a +0 dagger.
You die...

#.### #.# #..........# #.#>. ...
+..........# #####.#.# #.#
#.g....r... ...##.#.# #.#
#.s....).. ##.##.#.# #.#
........ ##.##.#.# #.# .g...
........# #.# #..#
####.##.####.###########.####
......#.........@g..........#
####..########.#########........
#..##.............. #....####
#..#.#............# #....#
#..#..#.....#..).#. #....#
#..#...#...#....#...#......
#..#....#.#.#..#....#....###
#..#.....#...##.....#....#
#..#....#...#.#.....# #


You could see a goblin.

Vanquished Creatures
  A bat (D:1)
  2 giant cockroaches (D:1)
  A goblin (D:1)
4 creatures vanquished.

Notes
Turn   | Place    | Note
-------+----------+-------------------------------------------
     0 | D:1      | Descartes the Felid Warper began the quest for the Orb.
     0 | D:1      | Reached XP level 1. HP: 9/9 MP: 4/4
   107 | D:1      | Slain by a goblin

Levels and vault maps discovered:
D:1:      matt_arrival_diagonals, layout_basic

Action                   || total
-------------------------++-------
Melee: Unarmed           ||    25
       Bite              ||     2
Dodge: Dodged            ||    21
